 Dungeon Crawl Stone Soup version 0.26.1-2-gb8aa6d0cf2 (webtiles) character file.

Game seed: 18360222692781331678

348 Mattiprrivan the Twirler (level 6, -1/36 HPs)
             Began as a Gargoyle Gladiator on Feb 15, 2021.
             Was an Initiate of Nemelex Xobeh.
             Killed by divine providence
             ... invoked by an orc priest
              (13 damage)
             ... on level 4 of the Dungeon.
             The game lasted 00:35:44 (3550 turns).

Mattiprrivan the Twirler (Gargoyle Gladiator)       Turns: 3550, Time: 00:35:45

Health: -1/36      AC: 12    Str: 18    XL:     6   Next: 60%
Magic:  6/6        EV: 12    Int: 14    God:    Nemelex Xobeh [......]
Gold:   179        SH:  0    Dex: 13    Spells: 5/5 levels left

rFire    + . .     SeeInvis .   d - +2 quarterstaff (chaos)
rCold    . . .     Faith    .   (shield currently unavailable)
rNeg     + . .     Spirit   .   l - +2 ring mail {rF+}
rPois    ∞         Reflect  .   c - +0 helmet
rElec    +         Harm     +   i - scarf {harm}
rCorr    .         Rampage  .   (no gloves)
Will     +....                  (no boots)
Stlth    +.........             j - amulet of the acrobat
HPRegen  0.12/turn              a - +6 ring of intelligence
MPRegen  0.10/turn              h - ring of willpower

@: no status effects
A: negative energy resistance 1, electricity resistance, unbreathing,
petrification resistance, miasma immunity, AC +4
a: Renounce Religion, Draw Escape, Draw Destruction, Draw Summoning


You were on level 4 of the Dungeon.
You worshipped Nemelex Xobeh.
Nemelex Xobeh was noncommittal.
You visited 1 branch of the dungeon, and saw 4 of its levels.

You collected 179 gold pieces.

Inventory:

Hand Weapons
 d - a +2 quarterstaff of chaos (weapon)
 g - a +3 antimagic morningstar
Missiles
 f - 8 poisoned darts (quivered)
Armour
 c - a +0 helmet (worn)
 i - a scarf of harm (worn)
 l - a +2 ring mail of fire resistance (worn)
Jewellery
 a - a +6 ring of intelligence (left hand)
 h - a ring of willpower (right hand)
 j - an amulet of the acrobat (around neck)
Potions
 e - 7 potions of curing
 k - a potion of heal wounds
 m - a potion of berserk rage


   Skills:
 * Level 2.9 Fighting
 * Level 1.2(1.8) Axes
 * Level 1.2(3.3) Maces & Flails
 * Level 1.2(3.1) Polearms
 * Level 4.6(4.8) Staves
 * Level 2.3 Throwing
 * Level 1.5 Armour
 * Level 3.2 Dodging
 * Level 2.0 Stealth
 * Level 0.2 Invocations


You had 5 spell levels left.
You didn't know any spells.
Your spell library was empty.

Dungeon Overview and Level Annotations

Branches:
Dungeon (4/15)
 Temple: D:4-7

Altars:
Nemelex Xobeh


Innate Abilities, Weirdness & Mutations

You are resistant to torment.
Your stone body is resilient. (AC +4)
You are immune to poison.
You resist negative energy. (rN+)
You are resistant to electric shocks. (rElec)
You can survive without breathing.
You are immune to petrification.
You are immune to miasma.


Message History

You completely miss the orc.
The orc is almost dead.
You kill the orc!
Hit: d) +2 quarterstaff (chaos)
Press: ? - help, Dir - move target, f - orc priest
Aim: an orc priest, wielding a +0 club and wearing a +3 leather armour You sock the orc priest!
The orc priest seems to speed up.
The orc priest is severely wounded.
The orc priest hits you but does no damage.
The orc priest invokes the aid of Beogh against you.
Beogh smites you!
Hit: d) +2 quarterstaff (chaos)
Press: ? - help, Dir - move target, f/p - orc priest
Aim: an orc priest, wielding a +0 club and wearing a +3 leather armour (severely wounded, fast)
You closely miss the orc priest.
The orc priest is severely wounded.
The orc priest mumbles some strange prayers to Beogh against you.
Beogh smites you!
You die...
Your body disappears without a glow.

#######.###.##.#####.
............†.....###
#######.#.#.##.##.# #
#.#.#<##.##.# #
.#.#############.#.#.##.##.###
.ooo(.o.......................
.#######.#######.......###.###
#(#######....#..# #.# #
#.(((o@.........###.#
#########.#.........#
#.#.##...#### # #..#
#...#.#.#.##### #..#
#..#.##........ #..#
#..##.###.####. #..#
###..###......... #..#
###.........#####.. #..# ###
#......###.........


You could see an orc priest (fast).

Vanquished Creatures
  A phantom (D:4)
  Crazy Yiuf (D:2)
  A worker ant (D:4)
  A gnoll (D:1)
  5 adders
  An ooze (D:4)
  7 worms
  3 dart slugs (D:1)
  8 leopard geckos
  10 orcs
  A ball python (D:3)
  19 bats
  3 giant cockroaches
  7 goblins
  6 hobgoblins
  10 jackals
  6 kobolds
  13 frilled lizards
  9 rats
112 creatures vanquished.

Vanquished Creatures (others)
  7 plants (D:2)
7 creatures vanquished.

Grand Total: 119 creatures vanquished

Notes
Turn   | Place    | Note
-------+----------+-------------------------------------------
     0 | D:1      | Mattiprrivan the Gargoyle Gladiator began the quest for the
                  | Orb.
     0 | D:1      | Reached XP level 1. HP: 12/12 MP: 1/1
   109 | D:1      | Reached XP level 2. HP: 17/17 MP: 2/2
   309 | D:1      | Reached XP level 3. HP: 22/22 MP: 3/3
  1091 | D:2      | Reached XP level 4. HP: 22/27 MP: 4/4
  1166 | D:2      | Reached skill level 1 in Stealth
  1692 | D:2      | Found a runed translucent door.
  1693 | D:2      | Noticed Crazy Yiuf
  1703 | D:2      | Killed Crazy Yiuf
  1704 | D:2      | Reached skill level 1 in Polearms
  1704 | D:2      | Reached XP level 5. HP: 16/31 MP: 5/5
  1926 | D:2      | Reached skill level 1 in Armour
  2149 | D:3      | Reached skill level 4 in Staves
  2410 | D:3      | Reached skill level 1 in Maces & Flails
  2491 | D:3      | Reached skill level 1 in Axes
  3289 | D:4      | Noticed a phantom
  3301 | D:4      | Killed a phantom
  3302 | D:4      | Reached XP level 6. HP: 34/36 MP: 6/6
  3325 | D:4      | Found a sparkling altar of Nemelex Xobeh.
  3332 | D:4      | Became a worshipper of Nemelex Xobeh the Trickster
  3550 | D:4      | Killed from afar by an orc priest

Illustrated notes

Levels and vault maps discovered:
D:1:      heliophobic_arrival_glass_houses, layout_basic, serial_rivers,
          chequers_serial_rivers_micro_e, chequers_serial_rivers_large_a,
          chequers_serial_rivers_micro_d, chequers_serial_rivers_large_b,
          chequers_serial_rivers_room_b, chequers_serial_rivers_micro_b
D:2:      layout_rooms, minmay_lizard_king, uniq_crazy_yiuf_cottage
D:3:      layout_basic, roderic_batcave, kennysheep_generic_room_15
D:4:      layout_loops_ring, nemelex_xobeh_ov_fountains_minmay

Skill      XL: |  1  2  3  4  5 |
---------------+----------------+-----
Stealth        | 1 2 |  2.0
Polearms       | 1 |  1.2
Throwing       | 2 |  2.3
Dodging        | 3 |  3.2
Armour         | 1 |  1.5
Staves         | 4 |  4.6
Maces & Flails | 1 |  1.2
Axes           | 1 |  1.2
Fighting       | |  2.9
Invocations    | |  0.2

Action                   |  1- 3 |  4- 6 || total
-------------------------+-------+-------++-------
Melee: Quarterstaff      |    99 |   235 ||   334
Throw: Throwing net      |     3 |     4 ||     7
       Dart              |       |    13 ||    13
  Use: Potion            |     2 |     2 ||     4
       Scroll            |     2 |    11 ||    13
 Stab: Held in net/web   |     2 |       ||     2
       Sleeping          |       |     2 ||     2
Armor: Leather armour    |    47 |    88 ||   135
       Ring mail         |       |     5 ||     5
Dodge: Dodged            |    52 |   151 ||   203
